 Dungeon Crawl Stone Soup version 0.31-a0-208-gdb31a4691d (webtiles) character file.

Game seed: 8370120201759700830

772 jt the Trooper (level 8, 0/61 HPs)
             Began as a Djinni Artificer on June 28, 2023.
             Slain by an orc priest
             ... wielding a +0 short sword
              (1 damage)
             ... on level 5 of the Dungeon.
             The game lasted 00:10:19 (4699 turns).

jt the Trooper (Djinni Artificer)                   Turns: 4699, Time: 00:10:21

Health: 0/61       AC:  3    Str: 14    XL:     8   Next: 9%
Gold:   447        EV: 13    Int: 20    God:
                   SH:  0    Dex: 21

rFire   + + .        a - +5 hand axe "Zehiz" {pain, Fly rPois rN+ Str+3}
rCold   x . .        (no shield)
rNeg    + . .        t - +0 leather armour
rPois   ∞            (no helmet)
rElec   .            (no cloak)
rCorr   .            (no gloves)
SInv    .            (boots unavailable)
Will    .....        h - amulet of the acrobat
Stlth   ++           q - +6 ring of intelligence
HPRegen 0.30/turn    x - +6 ring of dexterity
MPRegen 0.00/turn

%: acrobat, infuse magic (-1 HP)
@: flying
A: sickness immunity, fire resistance 2, cold vulnerability 1, float, innate
caster, HP casting, extra vitality 1
a: no special abilities


You were on level 5 of the Dungeon.
You visited 1 branch of the dungeon, and saw 5 of its levels.
You also visited: Ossuary.

You collected 447 gold pieces.

Inventory:

Hand Weapons
 a - the +5 hand axe "Zehiz" (weapon) {pain, Fly rPois rN+ Str+3}
   (You found it on level 3 of the Dungeon)

   Str:       It affects your strength (+3).
   rPois:     It protects you from poison.
   rN:        It protects you from negative energy.
   Fly:       It grants you flight.
 b - a +1 heavy sling
 r - a +0 spear
 u - a +0 scythe
 v - a +0 great sword
 w - a +0 hand axe
 C - a +0 club
 J - a +0 war axe
 M - a +0 falchion of holy wrath
Missiles
 f - 9 boomerangs
 L - 10 poisoned darts
Armour
 t - a +0 leather armour (worn)
 K - a +0 chain mail
Jewellery
 h - an amulet of the acrobat (around neck)
 q - a +6 ring of intelligence (left hand)
 x - a +6 ring of dexterity (right hand)
Wands
 c - a wand of flame (12) (quivered)
 d - a wand of charming (14)
 e - a wand of iceblast (4)
Scrolls
 k - 2 scrolls of revelation {unknown}
 m - a scroll of brand weapon
 s - a scroll of blinking
 E - a scroll of teleportation
 F - a scroll of immolation {unknown}
Potions
 g - a potion of lignification {unknown}
 l - 2 potions of ambrosia {unknown}
 o - a potion of invisibility {unknown}
 p - 7 potions of curing {unknown}
 z - 2 potions of enlightenment {unknown}
 A - a potion of haste {unknown}
 B - 2 potions of mutation {unknown}
 D - a potion of cancellation {unknown}
 G - a potion of might {unknown}
 H - a potion of attraction {unknown}
 I - a potion of heal wounds {unknown}
Miscellaneous
 y - a piece from Xom's chessboard (15/15)


   Skills:
 + Level 6.0 Fighting
 + Level 1.9 Axes
 - Level 0.4 Ranged Weapons
 - Level 2.0 Armour
 + Level 3.6 Dodging
 - Level 2.0 Stealth
 + Level 2.0 Spellcasting
 + Level 2.0 Conjurations
 + Level 2.0 Hexes
   Level 0.0 Charms
 + Level 2.0 Summonings
 + Level 2.0 Necromancy
 + Level 2.0 Translocations
 + Level 2.0 Transmutations
 + Level 2.0 Fire Magic
 + Level 2.0 Ice Magic
 + Level 2.0 Air Magic
 + Level 2.0 Earth Magic
 + Level 2.0 Poison Magic
 - Level 3.0 Evocations


You knew the following spells:

 Your Spells              Type           Power      Damage    Failure   Level
a - Summon Small Mammal   Summ           40%        N/A       9%          1
b - Call Imp              Summ           20%        N/A       13%         2
c - Ozocubu's Armour      Ice            10%        N/A       26%         3
Your spell library was empty.

Dungeon Overview and Level Annotations

Branches:
Dungeon (5/15)            Ossuary (visited)
 Temple: D:4-7

Altars:
Cheibriados
Elyvilon
Xom

Shops:
D:1 [


Innate Abilities, Weirdness & Mutations

You are immune to sickness and miasma.
You are immune to poison.
Your flesh is very heat resistant. (rF++)
You are vulnerable to cold. (rC-)
You float through the air rather than walking.
You learn spells naturally, not from books.
Your magical power is your life essence.
You have superior vitality. (+4 MHP)


Message History

Your Conjurations skill increases to level 2!
Your Hexes skill increases to level 2!
Your Summonings skill increases to level 2!
Your Necromancy skill increases to level 2!
Your Translocations skill increases to level 2!
Your Transmutations skill increases to level 2!
Your Fire Magic skill increases to level 2!
Your Ice Magic skill increases to level 2!
Your Air Magic skill increases to level 2!
Your Earth Magic skill increases to level 2!
Your Poison Magic skill increases to level 2!
You hit the orc.
The orc is severely wounded.
You hit something.
Reactivating autopickup.
You feel a bit more experienced. The orc closely misses you.
You completely miss the orc.
The orc is severely wounded.
The orc closely misses you.
Sorry, you're not good enough to have a special ability.
Unknown command.
You slash the orc!
You kill the orc!
The orc priest calls down the wrath of Beogh upon you.
Beogh smites you!
* * * LOW HITPOINT WARNING * * *
You slash the orc priest! Your punch misses the orc priest.
The orc priest is heavily wounded.
The orc priest invokes the aid of Beogh against you.
Beogh smites you!
* * * LOW HITPOINT WARNING * * *
Okay, then.
Sorry, you're not good enough to have a special ability.
Unknown command.
Aiming: Charm
Press: ? - help, Shift-Dir - straight line, f - orc priest
Aim: an orc priest, wielding a +0 short sword (heavily wounded, chance to affect: 56%)
The orc priest resists with significant effort.
The orc priest hits you with a +0 short sword.
You die...

### ####.######
#.......... #.##.##.###
###.##)##.# #
######....).##.###
#......#.#####.#..
#...####.......#.# #@#.#
#########.#
#o#.#####...<.##.#
......
#..))#....##.........
.....
.....#######.........#..
.... ...#
).#....##......### #...
#### ##.#.#####......##.
#...
##.###..#....#######.##.
#...##.#.##....##.#
#.##.
#...#.###.........#
#....


You could see an orc priest.

Vanquished Creatures
  Sigmund (D:2)
  A bullfrog (D:4)
  A jelly (D:5)
  An iron imp (D:3)
  An orc priest (D:5)
  2 iguanas (D:4)
  2 orc wizards
  9 mummies
  7 adders
  7 gnolls (D:4)
  2 worms (D:4)
  2 dart slugs
  12 orcs
  3 ball pythons
  5 endoplasms
  4 giant cockroaches
  4 gnoll zombies (Ossuary)
  14 goblins
  7 hobgoblins
  5 quokkas
  5 bats
  5 frilled lizards
  A hobgoblin zombie (Ossuary)
  6 kobolds
  A kobold zombie (Ossuary)
  2 orc zombies (Ossuary)
  8 rats
  A butterfly (D:3)
119 creatures vanquished.

Vanquished Creatures (collateral kills)
  A gnoll (D:1)
1 creature vanquished.

Grand Total: 120 creatures vanquished

Notes
Turn   | Place    | Note
-------+----------+-------------------------------------------
     0 | D:1      | jt the Djinni Artificer began the quest for the Orb.
     0 | D:1      | Reached XP level 1. HP: 17/17 MP: 0/0
    44 | D:1      | Reached skill level 1 in Stealth
    71 | D:1      | Reached XP level 2. HP: 22/22 MP: 0/0
   363 | D:1      | Found Cisaecsu's Armour Boutique.
   401 | D:1      | Reached XP level 3. HP: 27/27 MP: 0/0
   401 | D:1      | Learned a level 1 spell: Summon Small Mammal
   661 | D:1      | Reached skill level 1 in Spellcasting
   661 | D:1      | Reached skill level 1 in Conjurations
   661 | D:1      | Reached skill level 1 in Hexes
   661 | D:1      | Reached skill level 1 in Summonings
   661 | D:1      | Reached skill level 1 in Necromancy
   661 | D:1      | Reached skill level 1 in Translocations
   661 | D:1      | Reached skill level 1 in Transmutations
   661 | D:1      | Reached skill level 1 in Fire Magic
   661 | D:1      | Reached skill level 1 in Ice Magic
   661 | D:1      | Reached skill level 1 in Air Magic
   661 | D:1      | Reached skill level 1 in Earth Magic
   661 | D:1      | Reached skill level 1 in Poison Magic
   839 | D:2      | Reached skill level 2 in Fighting
   970 | D:2      | Reached XP level 4. HP: 33/33 MP: 0/0
  1178 | D:2      | Noticed Sigmund
  1181 | D:2      | Killed Sigmund
  1182 | D:2      | Reached skill level 4 in Fighting
  1182 | D:2      | Reached XP level 5. HP: 32/42 MP: 0/0
  1182 | D:2      | Learned a level 2 spell: Call Imp
  1182 | D:2      | Reached XP level 6. HP: 37/49 MP: 0/0
  1381 | D:2      | Reached skill level 5 in Fighting
  2387 | D:3      | Found a shimmering altar of Xom.
  2406 | D:3      | Found a snail-covered altar of Cheibriados.
  2521 | D:3      | Identified the +5 hand axe "Zehiz" {pain, Fly rPois rN+
                  | Str+3}
  2767 | D:4      | Found a white marble altar of Elyvilon.
  2785 | D:4      | Reached XP level 7. HP: 23/54 MP: 0/0
  2785 | D:4      | Learned a level 3 spell: Ozocubu's Armour
  2973 | D:4      | Found a sand-covered staircase.
  2985 | Ossuary  | Entered an ossuary
  3030 | Ossuary  | Reached skill level 1 in Axes
  4359 | D:5      | Entered Level 5 of the Dungeon
  4366 | D:5      | Reached XP level 8. HP: 45/61 MP: 0/0
  4581 | D:5      | Reached skill level 6 in Fighting
  4698 | D:5      | HP: 1/61 [orc priest/divine providence (13)]
  4699 | D:5      | Slain by an orc priest

Illustrated notes

Levels and vault maps discovered:
D:1:      reono_arrival_mine, layout_loops_ring, serial_shops,
          nicolae_shop_scrapyard
D:2:      minmay_skewed_foursquare, layout_basic, uniq_sigmund
D:3:      layout_loops_corners, slow_altar_1, xom_butterflies, st_stairs_7,
          grunt_decor_junction
D:4:      layout_loops_corners, elyvilon_altar_5, gup_ossuary_entry_pyramid
D:5:      layout_loops_cross, minmay_temple_entry_mini_moons, uniq_blork_the_orc

Skill      XL: |  1  2  3  4  5  6  7  8 |
---------------+-------------------------+-----
Stealth        | 1 2 |  2.0
Spellcasting   | 1 2 |  2.0
Conjurations   | 1 2 |  2.0
Hexes          | 1 2 |  2.0
Summonings     | 1 2 |  2.0
Necromancy     | 1 2 |  2.0
Translocations | 1 2 |  2.0
Transmutations | 1 2 |  2.0
Fire Magic     | 1 2 |  2.0
Ice Magic      | 1 2 |  2.0
Air Magic      | 1 2 |  2.0
Earth Magic    | 1 2 |  2.0
Poison Magic   | 1 2 |  2.0
Fighting       | 2 4 5 6 |  6.0
Axes           | 1 |  1.9
Armour         | 2 |  2.0
Dodging        | 3 |  3.6
Ranged Weapons | |  0.4
Evocations     | |  3.0

Action                     |  1- 3 |  4- 6 |  7- 9 || total
---------------------------+-------+-------+-------++-------
  Melee: Dagger            |    20 |       |       ||    20
         Falchion          |    17 |       |       ||    17
         Hand axe          |       |    13 |   104 ||   117
         Punch             |       |       |     1 ||     1
   Fire: Sling             |    54 |    88 |    68 ||   210
  Throw: Boomerang         |     1 |       |       ||     1
   Cast: Summon Small Mamm |     1 |       |       ||     1
  Evoke: Wand              |     2 |     1 |     2 ||     5
    Use: Scroll            |       |     3 |       ||     3
   Stab: Sleeping          |       |       |     3 ||     3
 Armour: Leather armour    |    15 |    14 |    18 ||    47
  Dodge: Dodged            |    33 |    45 |    77 ||   155

Table legend: (Time is in decaauts)
 A = Elapsed time spent in this place.
 B = Non-inter-level travel time spent in this place.
 C = Inter-level travel time spent in this place.
 D = Time resting spent in this place.
 E = Time spent auto-exploring this place.
 F = Levels seen in this place.
 G = Mean time per level.
                   A        B        C        D        E       F      G
               +--------+--------+--------+--------+--------+-----+--------+
         Total |   4914 |   4761 |    153 |    567 |   2735 |   6 |  819.0 |
       Dungeon |   4554 |   4401 |    153 |    475 |   2688 |   5 |  910.8 |
       Ossuary |    359 |    359 |      0 |     92 |     47 |   1 |  359.0 |
               +--------+--------+--------+--------+--------+-----+--------+

Top non-repeatable levels by time:
     D:4: 1382 daAuts
     D:2: 1229 daAuts
     D:1: 823 daAuts
     D:3: 771 daAuts
 Ossuary: 359 daAuts
     D:5: 347 daAuts
